cohdb
Replays
Latest Replays
All Replays
Popular Replays
Top Player Replays
Match Explorer
How It Works
Community
CoH3 Stats
Reddit
Sign in to upload your games and track your stats! →
Sign in with Steam
Match 41300373
Unlisted
Match 41300373
Overview
Messages
Build Orders
End
Construct Section Command Post
Dingo Light Scout Car
Infantry Section
Infantry Section
Infantry Section
Construct Platoon Command Post
Infantry Section
Construct Field Infirmary
Unlock M3 Stuart Light Tanks
Vickers Machine Gun Team
M3 Stuart Light Tank
Grenade Package
Infantry Section
M3 Stuart Light Tank
M3 Stuart Light Tank
Royal Engineer Section
Construct Company Command Post
6-pounder Anti-tank Gun Team
Selects Heavy Armor Battlegroup
Selects Rigorous Vehicle Training
Selects Forward Repair Assembly
Selects Churchill Black Prince Heavy Tank
Infantry Section
Churchill Black Prince Heavy Tank
Nikname2303
Akkerman
deadsadbadmad
Zyllen
0
0
Comments
sign in to comment!
No comments posted yet!